 Dungeon Crawl Stone Soup version 0.17-a0-1403-g9df874c (webtiles) character file.

212655 HEYYEYAAE the Stormcaller (level 19, 0/140 HPs)
             Began as a Human Air Elementalist on June 20, 2015.
             Was the Champion of Vehumet.
             Slain by an azure jelly (10 damage)
             ... on level 5 of the Pits of Slime.
             The game lasted 02:19:07 (36508 turns).

HEYYEYAAE the Stormcaller (Human Air Elementalist) Turns: 36508, Time: 02:19:07

Health: 0/140      AC: 18    Str: 11    XL:     19   Next: 11%
Magic:  45/52      EV: 22    Int: 20    God:    Vehumet [******]
Gold:   1480       SH:  0    Dex: 15    Spells: 12 memorised, 3 levels left

rFire  . . .     SeeInvis .     J - staff of power
rCold  + . .     Clarity  .     D - +2 robe {Archmagi}
rNeg   . . .     SustAt   .     (no shield)
rPois  .         Gourm    .     (helmet restricted)
rElec  +         Spirit   .     n - +2 cloak of Starlight {rElec rC+ EV+4 Stlth--}
rCorr  +         Warding  .     Y - +0 pair of gloves
rMut   .         Stasis   .     C - +2 pair of boots {Stlth+}
MR     +....                    f - amulet of resist corrosion
Stlth  +.........               e - +6 ring of protection
                                i - ring of wizardry

@: very slightly contaminated, somewhat resistant to hostile enchantments, very
unstealthy
A: antennae 1, blurry vision 1, deformed body, MP-powered wands
a: Renounce Religion
}: 2/15 runes: decaying, gossamer


You were on level 5 of the Pits of Slime.
You worshipped Vehumet.
Vehumet was exalted by your worship.
You were hungry.

You visited 7 branches of the dungeon, and saw 35 of its levels.
You also visited: Sewer and Ice Cave.

You collected 3392 gold pieces.
You spent 1912 gold pieces at shops.

Inventory:

Hand weapons
 s - a +7 trident of protection
 L - the +11 rapier of the Original Sin {flame, rC+ Int+2}
   (You took it off an orc on level 4 of the Orcish Mines)

   It has been specially enchanted to burn those struck by it, causing extra
   injury to most foes and up to half again as much damage against particularly
   susceptible opponents.
   It affects your intelligence (+2).
   It protects you from cold.
Armour
 n - the +2 cloak of Starlight (worn) {rElec rC+ EV+4 Stlth--}
   (You bought it in a shop on level 4 of the Orcish Mines)

   It affects your evasion (+4).
   It protects you from cold.
   It insulates you from electricity.
   It makes you much less stealthy.
 w - a +0 helmet
 C - a +2 pair of boots of stealth (worn)
 D - a +2 robe of the Archmagi (worn)
 K - a fire dragon hide
 Y - a +0 pair of gloves (worn)
Magical staves
 J - an uncursed staff of power (weapon)
Jewellery
 e - a +6 ring of protection (right hand)
 f - an amulet of resist corrosion (around neck)
 i - a ring of wizardry (left hand)
 p - a cursed ring of teleportation {unknown}
 q - an uncursed ring of poison resistance
 x - an uncursed ring of protection from fire
 A - an uncursed amulet of the gourmand
 G - an uncursed ring of positive energy
 N - an uncursed ring of protection from fire
 U - an uncursed ring of sustain attributes
 W - an uncursed amulet of stasis
Magical devices
 o - a wand of digging (15)
 v - a wand of enslavement (9)
 E - a wand of confusion (3)
 S - a wand of random effects (26)
Scrolls
 d - 12 scrolls of enchant armour
 j - 5 scrolls of fog
 l - a scroll of magic mapping
 y - 8 scrolls of recharging
 M - 8 scrolls of remove curse
 O - 5 scrolls of amnesia
 T - 3 scrolls of fear
 V - a scroll of teleportation
 X - 3 scrolls of blinking
Potions
 a - a potion of haste
 g - 2 potions of ambrosia
 h - 8 potions of curing
 r - 4 potions of agility
 t - a potion of might
 u - 7 potions of brilliance
 B - a potion of lignification
 H - a potion of invisibility
 I - 2 potions of flight
 Z - 5 potions of heal wounds
Books
 b - a book of Death

   Spells                             Type                      Level
   a - Corpse Rot                     Necromancy                   2
   b - Sublimation of Blood           Necromancy                   2
   c - Agony                          Necromancy                   5
   d - Dispel Undead                  Necromancy                   5
   e - Excruciating Wounds            Charms/Necromancy            5
   f - Bolt of Draining               Conjuration/Necromancy       5
 m - a book of the Warp

   Spells                             Type                      Level
   a - Recall                         Summoning/Translocation      3
   b - Gell's Gravitas                Hexes/Translocation          3
   c - Force Lance                    Conjuration/Translocation    4
   d - Phase Shift                    Translocation                5
   e - Warp Weapon                    Charms/Translocation         5
   f - Summon Forest                  Summoning/Translocation      5
 R - a book of Battle

   Spells                             Type                      Level
   a - Infusion                       Charms                       1
   b - Shroud of Golubria             Charms/Translocation         2
   c - Song of Slaying                Charms                       2
   d - Spectral Weapon                Hexes/Charms                 3
   e - Regeneration                   Charms/Necromancy            3
Miscellaneous
 k - a box of beasts {used: 11}
Comestibles
 c - 10 bread rations
 z - 10 meat rations
 F - 15 fruits


   Skills:
 - Level 10.0 Fighting
 - Level 9.8 Armour
 - Level 9.8 Dodging
 - Level 2.0 Stealth
 - Level 14.0 Spellcasting
 - Level 10.2 Conjurations
 - Level 2.2 Charms
 - Level 5.3 Necromancy
 * Level 19.4 Air Magic
 - Level 5.4 Evocations


You had 3 spell levels left.
You knew the following spells:

 Your Spells              Type           Power        Failure   Level  Hunger
a - Shock                 Conj/Air       ####         0%          1    None
b - Static Discharge      Conj/Air       #######.     1%          3    None
c - Repel Missiles        Chrm/Air       ######       1%          2    None
d - Freeze                Ice            ###.         1%          1    None
e - Regeneration          Chrm/Necr      #####.....   1%          3    None
f - Vampiric Draining     Necr           ######....   1%          3    None
g - Lightning Bolt        Conj/Air       #######...   1%          5    ###....
h - Summon Butterflies    Summ           ###.....     1%          1    None
i - Iskenderun's Battles  Conj/Chrm      ######..     1%          5    ###....
j - Animate Dead          Necr           N/A          3%          4    None
k - Conjure Ball Lightni  Conj/Air       #######...   1%          6    #####..
l - Tornado               Air            #######...   28%         9    #######


Dungeon Overview and Level Annotations

Branches:
Dungeon (9/15)             Temple (1/1) D:4            Lair (8/8) D:9
  Swamp (4/4) Lair:6       Spider (4/4) Lair:3        Slime (5/6) Lair:6
    Orc (4/4) D:9             Elf (0/3) Orc:3

Altars:
Ashenzari
Cheibriados
Elyvilon
Fedhas
Gozag
Kikubaaqudgha
Makhleb
Nemelex Xobeh
Okawaru
Qazlal
Ru
Trog
Vehumet
Xom
Yredelemnul
Zin
The Shining One
Beogh
Jiyva

Shops:
Orc:4 *(([

Annotations:
D:3 HEYYEYAAE's ghost, average HuAE
Spider:4 exclusion: Roxanne, Roxanne
Slime:2 Dissolution
Orc:3 Rupert


Innate Abilities, Weirdness & Mutations

You have a pair of small antennae on your head.
Scrolls take you a little longer to read.
Armour fits poorly on your strangely shaped body.
You expend magic power (3 MP) to strengthen your wands.


Message History

Really read with blurry vision while enemies are nearby? [Y]es or [N]o only, please.
Really read with blurry vision while enemies are nearby?
You are standing in the rain.
The slime creature closely misses you. The slime creature hits you!
* * * LOW HITPOINT WARNING * * *
You begin reading the scroll.
You continue reading the scroll.
You are standing in the rain.
The azure jelly hits you.
* * * LOW HITPOINT WARNING * * *
The azure jelly freezes you! You resist.
* * * LOW HITPOINT WARNING * * *
The azure jelly hits you but does no damage. x3
The slime creature hits you but does no damage.
Two slime creatures merge to form a large slime creature. x2
The slime creature barely misses you.
Two slime creatures merge to form a large slime creature.
The azure jelly completely misses you. The azure jelly hits you!
* * * LOW HITPOINT WARNING * * *
The azure jelly freezes you! You resist.
You die...

## ## ## #.##.#
..##
.....###≈..## .
#§.≈.#......
#.. #§§§§§...#.
#..≈§#J§§§.§...
#....§J@J§§....
.#.§§§JJG§§§...
....§§§§§§.....
.#.##§§§<......
.. #..........
. ..<.....#..
........#. .
...#..>.....


You could see an azure jelly, a great orb of eyes, 3 large slime creatures and a
slime creature.

Vanquished Creatures
  the Lernaean hydra (Swamp:4)
  Nikola (Swamp:4)
  2 acid blobs
  A thorn hunter (Swamp:3)
  An azure jelly (Slime:3)
  Maud (Lair:4)
  6 emperor scorpions
  3 ghost moths (Spider:4)
  An ettin (Orc:4)
  A fire dragon (Lair:8)
  Erolcha (D:8)
  2 great orbs of eyes
  25 hydras
  6 alligators
  A queen ant (Lair:3)
  6 death yaks (Lair:8)
  7 orc high priests (Orc:4)
  A fire crab (Lair:8)
  4 spriggan druids (Swamp:4)
  11 swamp dragons
  2 shambling mangroves
  An oklob plant (Lair:5)
  2 lindwurms (Lair:8)
  17 wolf spiders
  10 orb spiders
  8 hornets
  7 orc sorcerers
  6 shining eyes
  A cyclops (Orc:4)
  A moth of wrath (Spider:1)
  2 griffons
  6 black mambas
  32 elephants
  8 torpor snails
  18 spiny frogs
  A guardian serpent (Lair:8)
  Psyche (D:8)
  3 fire drakes
  9 komodo dragons
  7 demonic crawlers
  6 trolls (Orc:4)
  3 giant leeches
  5 two-headed ogres
  8 bog bodies
  56 slime creatures
  10 trapdoor spiders
  2 boulder beetles
  18 jumping spiders
  15 tarantellas
  27 blink frogs
  31 redbacks
  4 wyverns
  7 spriggans
  41 yaks
  A basilisk (Lair:4)
  22 vampire mosquitoes
  8 hippogriffs
  The ghost of HEYYEYAAE the Gusty, an average HuAE (D:4)
  4 wargs
  20 soldier ants (Lair:3)
  22 water moccasins
  20 insubstantial wisps
  18 swamp worms
  8 wolves
  Duvessa (D:7)
  43 orc warriors
  17 spiders
  11 swamp drakes
  5 eyes of draining
  16 ogres
  17 wasps
  3 sky beasts
  A phantom (D:8)
  16 porcupines
  A black bear (D:8)
  2 ice beasts
  13 crocodiles
  3 centaurs
  3 brain worms (Lair:8)
  14 giant frogs
  A gnoll sergeant (D:9)
  Dowan (D:7)
  A water moccasin zombie (D:8)
  2 scorpions
  4 killer bees (D:8)
  14 jellies
  An electric eel (Lair:6)
  3 crimson imps
  5 hounds
  A gnoll shaman (D:5)
  29 orc priests
  31 orc wizards
  7 iguanas
  29 worker ants
  A killer bee zombie (D:8)
  11 sheep
  18 gnolls
  15 adders
  50 river rats
  A shadow imp (D:8)
  12 white imps (Orc:3)
  An ooze (D:2)
  An adder zombie (D:8)
  19 worms
  9 giant geckos
  243 orcs
  A bat skeleton (D:7)
  A bat zombie (D:6)
  11 giant cockroaches
  21 hobgoblins
  11 jackals
  12 kobolds
  2 ball pythons (Sewer)
  18 bats
  A giant gecko skeleton (D:7)
  3 giant newts
  37 goblins
  4 quokkas
  22 rats
  20 fungi
  47 plants
1468 creatures vanquished.

Vanquished Creatures (collateral kills)
  2 orc warlords (Orc:4)
  2 orc knights (Orc:4)
  3 ball lightnings
  2 orc warriors (Orc:4)
  An orc wizard (Orc:4)
  A worker ant (Lair:8)
  3 orcs (Orc:4)
  A goblin (Orc:4)
15 creatures vanquished.

Vanquished Creatures (others)
  2 swamp dragons (Swamp:4)
  761 ball lightnings
  A giant leech (Swamp:3)
  A shadow (Swamp:4)
  A swamp drake (Swamp:4)
  An orc wizard (Orc:4)
  An adder (Lair:8)
  8 fungi
  10 plants
786 creatures vanquished.

Grand Total: 2269 creatures vanquished

Notes
Turn   | Place    | Note
--------------------------------------------------------------
     0 | D:1      | HEYYEYAAE the Human Air Elementalist began the quest for the Orb.
     0 | D:1      | Reached XP level 1. HP: 13/13 MP: 3/3
   312 | D:1      | Reached XP level 2. HP: 7/19 MP: 0/5
  1167 | D:2      | Found a shattered altar of Ashenzari.
  1191 | D:2      | Reached XP level 3. HP: 20/25 MP: 1/6
  1270 | D:2      | Reached skill level 1 in Fighting
  1649 | D:2      | Reached XP level 4. HP: 18/32 MP: 2/7
  1655 | D:2      | Learned a level 3 spell: Static Discharge
  1658 | D:2      | Learned a level 2 spell: Repel Missiles
  2052 | D:3      | Noticed HEYYEYAAE's ghost (average HuAE)
  2305 | D:3      | Reached skill level 1 in Armour
  2482 | D:3      | Found a burning altar of Makhleb.
  2727 | D:3      | Reached XP level 5. HP: 28/37 MP: 6/9
  3209 | D:3      | Reached skill level 4 in Air Magic
  3284 | D:4      | Found an ancient bone altar of Kikubaaqudgha.
  3295 | D:4      | Reached XP level 6. HP: 27/44 MP: 0/10
  4003 | D:4      | Reached XP level 7. HP: 51/51 MP: 1/12
  4131 | D:4      | Killed HEYYEYAAE's ghost
  4386 | D:4      | Found a staircase to the Ecumenical Temple.
  4413 | Temple   | Entered the Ecumenical Temple
  4435 | Temple   | Became a worshipper of Vehumet
  4547 | D:5      | Entered Level 5 of the Dungeon
  4612 | D:5      | Reached skill level 5 in Air Magic
  4718 | D:5      | Reached XP level 8. HP: 52/57 MP: 0/13
  5118 | D:5      | Found a glowing golden altar of the Shining One.
  5207 | D:5      | Found a glowing drain.
  5214 | Sewer    | Entered a sewer
  5220 | Sewer    | Acquired Vehumet's first power
  5220 | Sewer    | Offered knowledge of Freeze by Vehumet.
  5689 | D:5      | Found a stormy altar of Qazlal.
  5692 | D:5      | Found a shattered altar of Ashenzari.
  6045 | D:6      | Found a bloodstained altar of Trog.
  6082 | D:6      | Learned a level 1 spell: Freeze
  6182 | D:6      | Learned a level 3 spell: Regeneration
  6582 | D:6      | Reached skill level 1 in Charms
  6582 | D:6      | Reached XP level 9. HP: 57/64 MP: 8/15
  6922 | D:7      | Noticed Duvessa
  6922 | D:7      | Offered knowledge of Throw Frost by Vehumet.
  6922 | D:7      | Reached skill level 5 in Conjurations
  6930 | D:7      | Killed Duvessa
  6930 | D:7      | Reached skill level 6 in Air Magic
  6985 | D:7      | Noticed Dowan
  6992 | D:7      | Killed Dowan
  6992 | D:7      | Reached skill level 5 in Spellcasting
  7382 | D:7      | Learned a level 3 spell: Vampiric Draining
  7637 | D:7      | Offered knowledge of Throw Flame by Vehumet.
  7645 | D:7      | Learned a level 5 spell: Lightning Bolt
  7861 | D:8      | Reached skill level 1 in Necromancy
  7959 | D:8      | Reached XP level 10. HP: 64/72 MP: 7/18
  8043 | D:8      | Noticed Psyche
  8137 | D:8      | Killed Psyche
  8137 | D:8      | Reached skill level 7 in Air Magic
  8501 | D:8      | Acquired Vehumet's second power
  8576 | D:8      | Noticed Erolcha
  8584 | D:8      | Killed Erolcha
  8701 | D:8      | Reached skill level 5 in Dodging
  8950 | D:9      | Learned a level 1 spell: Summon Butterflies
  8952 | D:9      | Found Amitsing's Food Shoppe.
  8995 | D:9      | Noticed an eight-headed hydra
  9261 | D:9      | Offered knowledge of Force Lance by Vehumet.
  9398 | D:9      | Killed an eight-headed hydra
  9398 | D:9      | Reached skill level 5 in Fighting
  9398 | D:9      | Reached skill level 5 in Armour
  9398 | D:9      | Reached skill level 1 in Evocations
  9398 | D:9      | Reached XP level 11. HP: 55/79 MP: 7/21
  9495 | D:9      | Found a staircase to the Orcish Mines.
  9587 | D:9      | Found a staircase to the Lair.
  9631 | D:9      | Found a sacrificial altar of Ru.
 10068 | Orc:1    | Entered Level 1 of the Orcish Mines
 10094 | Orc:1    | Acquired Vehumet's third power
 10247 | Orc:2    | Offered knowledge of Fireball by Vehumet.
 10466 | Orc:2    | Reached skill level 8 in Air Magic
 10771 | Orc:2    | Offered knowledge of Poisonous Cloud by Vehumet.
 11417 | Orc:1    | Noticed an orc sorcerer
 11420 | Orc:1    | Killed an orc sorcerer
 11853 | Orc:3    | Noticed an orc sorcerer
 11854 | Orc:3    | Noticed a soul eater
 11858 | Orc:3    | Killed an orc sorcerer
 12103 | Orc:3    | Offered knowledge of Iskenderun's Battlesphere by Vehumet.
 12122 | Orc:3    | Learned a level 5 spell: Iskenderun's Battlesphere
 12207 | Orc:3    | Found a frozen archway.
 12216 | IceCv    | Entered an ice cave
 12422 | Orc:3    | Found a staircase to the Elven Halls.
 12488 | Orc:3    | Noticed Rupert
 12514 | Orc:4    | Entered Level 4 of the Orcish Mines
 13298 | Orc:4    | Reached XP level 12. HP: 68/87 MP: 13/23
 13783 | Orc:4    | Noticed an orc high priest
 13789 | Orc:4    | Killed an orc high priest
 13790 | Orc:4    | Offered knowledge of Lee's Rapid Deconstruction by Vehumet.
 13920 | Orc:4    | Found a roughly hewn altar of Beogh.
 13926 | Orc:4    | Found Rycem's Armour Boutique.
 13930 | Orc:4    | Bought the +2 cloak of Starlight {rElec rC+ EV+4 Stlth--} for 693 gold pieces
 13952 | Orc:4    | Found Taqav's Weapon Shop.
 14035 | Orc:4    | Noticed an orc knight
 14035 | Orc:4    | Noticed an orc knight
 14046 | Orc:4    | Killed an orc knight
 14046 | Orc:4    | Killed an orc knight
 14628 | Orc:4    | Noticed an orc warlord
 14667 | Orc:4    | Noticed an orc high priest
 14667 | Orc:4    | Noticed an orc high priest
 14671 | Orc:4    | Noticed a sun demon
 14823 | Orc:4    | Killed an orc warlord
 14823 | Orc:4    | Reached skill level 9 in Conjurations
 14927 | Orc:4    | Noticed an orc sorcerer
 14927 | Orc:4    | Noticed an orc sorcerer
 14927 | Orc:4    | Noticed an orc sorcerer
 14927 | Orc:4    | Noticed an orc sorcerer
 14928 | Orc:4    | Killed an orc sorcerer
 14933 | Orc:4    | Killed an orc sorcerer
 14933 | Orc:4    | Reached skill level 5 in Necromancy
 14938 | Orc:4    | Killed an orc sorcerer
 14940 | Orc:4    | Paralysed by an orc sorcerer for 4 turns
 14948 | Orc:4    | Killed an orc sorcerer
 15223 | Orc:4    | Noticed an ettin
 15235 | Orc:4    | Killed an ettin
 15248 | Orc:4    | Got an ancient rapier
 15249 | Orc:4    | Identified the +11 rapier of the Original Sin {flame, rC+ Int+2} (You took it off an orc on level 4 of the Orcish Mines)
 15311 | Orc:4    | Noticed an orc sorcerer
 15314 | Orc:4    | Killed an orc sorcerer
 15314 | Orc:4    | Reached XP level 13. HP: 93/95 MP: 7/25
 15593 | Orc:4    | Noticed an orc warlord
 15631 | Orc:4    | Killed an orc warlord
 15970 | Orc:4    | Offered knowledge of Poison Arrow by Vehumet.
 16038 | Orc:4    | Killed an orc high priest
 16104 | Orc:4    | Killed an orc high priest
 16248 | Orc:4    | Noticed an orc high priest
 16464 | Orc:4    | Found a roughly hewn altar of Beogh.
 16484 | Orc:4    | Killed an orc high priest
 16484 | Orc:4    | Reached skill level 5 in Evocations
 16501 | Orc:4    | Found Suugoix's Weapon Boutique.
 16531 | Orc:4    | Noticed an orc high priest
 16538 | Orc:4    | Killed an orc high priest
 16588 | Orc:4    | Found Qeitah's General Store.
 16596 | Orc:4    | Bought a scroll of blinking for 90 gold pieces
 16596 | Orc:4    | Bought a scroll of enchant armour for 90 gold pieces
 16596 | Orc:4    | Bought a potion of curing for 36 gold pieces
 16618 | Orc:4    | Noticed a cyclops
 16620 | Orc:4    | Noticed an orc high priest
 16621 | Orc:4    | Noticed an orc high priest
 16626 | Orc:4    | Killed a cyclops
 16630 | Orc:4    | Killed an orc high priest
 16873 | Orc:4    | Killed an orc high priest
 17001 | Orc:4    | Reached skill level 10 in Conjurations
 17058 | Orc:4    | Bought a +2 pair of boots of stealth for 301 gold pieces
 17099 | Orc:4    | Bought a +3 ring mail of poison resistance for 322 gold pieces
 17165 | Lair:1   | Entered Level 1 of the Lair of Beasts
 17175 | Lair:1   | Learned a level 4 spell: Animate Dead
 18271 | Lair:2   | Offered knowledge of Conjure Ball Lightning by Vehumet.
 18957 | Lair:3   | Reached skill level 10 in Spellcasting
 18958 | Lair:3   | Reached XP level 14. HP: 98/103 MP: 6/28
 19264 | Lair:3   | Learned a level 6 spell: Conjure Ball Lightning
 19636 | Lair:3   | Found a hole to the Spider Nest.
 19647 | Lair:3   | Reached skill level 10 in Air Magic
 19688 | Lair:3   | Identified a scroll of acquirement
 20103 | Spider:1 | Entered Level 1 of the Spider Nest
 20248 | Spider:1 | Reached skill level 11 in Spellcasting
 20318 | Spider:1 | Got a faintly glowing lajatang
 20325 | Spider:1 | Identified the +7 lajatang "Lunis" {freeze, rElec rF- MP+9 Int+3} (You found it on level 1 of the Spider Nest)
 20334 | Spider:1 | Got a polished leather armour
 20345 | Spider:1 | Identified the cursed +1 leather armour of the Nexus {*Drain Int+3 Slay+6} (You found it on level 1 of the Spider Nest)
 20499 | Spider:1 | Noticed an emperor scorpion
 20510 | Spider:1 | Killed an emperor scorpion
 20988 | Spider:2 | Offered knowledge of Delayed Fireball by Vehumet.
 21950 | Spider:2 | Reached XP level 15. HP: 108/112 MP: 27/30
 21992 | Spider:3 | Got a brightly glowing cloak
 22006 | Spider:3 | Noticed an emperor scorpion
 22011 | Spider:3 | Killed an emperor scorpion
 22235 | Spider:3 | Reached skill level 12 in Spellcasting
 22815 | Spider:4 | Entered Level 4 of the Spider Nest
 22815 | Spider:4 | Noticed Roxanne
 23419 | Spider:4 | Identified the +0 cloak "Datiucy" {*Confuse +Inv Regen+} (You acquired it on level 3 of the Spider Nest)
 23584 | Spider:4 | Offered knowledge of Spellforged Servitor by Vehumet.
 23811 | Spider:4 | Killed a ghost moth
 24205 | Spider:4 | Noticed an emperor scorpion
 24205 | Spider:4 | Noticed an emperor scorpion
 24205 | Spider:4 | Noticed an emperor scorpion
 24217 | Spider:4 | Killed a ghost moth
 24533 | Spider:4 | Killed an emperor scorpion
 24533 | Spider:4 | Killed an emperor scorpion
 24588 | Spider:4 | Killed a ghost moth
 24784 | Spider:4 | Reached skill level 13 in Spellcasting
 24828 | Spider:4 | Killed an emperor scorpion
 24917 | Spider:4 | Noticed an emperor scorpion
 24924 | Spider:4 | Killed an emperor scorpion
 24924 | Spider:4 | Reached XP level 16. HP: 77/120 MP: 20/33
 24929 | Spider:4 | Got a gossamer rune of Zot
 25268 | D:9      | Bought a beef jerky for 15 gold pieces
 25268 | D:9      | Bought a slice of pizza for 15 gold pieces
 25268 | D:9      | Bought a royal jelly for 20 gold pieces
 25268 | D:9      | Bought a meat ration for 50 gold pieces
 25268 | D:9      | Bought a bread ration for 50 gold pieces
 25268 | D:9      | Bought a meat ration for 50 gold pieces
 25268 | D:9      | Bought a bread ration for 50 gold pieces
 25268 | D:9      | Bought a fruit for 15 gold pieces
 25268 | D:9      | Bought a bread ration for 50 gold pieces
 25268 | D:9      | Bought a bread ration for 50 gold pieces
 25268 | D:9      | Bought a slice of pizza for 15 gold pieces
 25695 | Lair:4   | Noticed Maud
 25702 | Lair:4   | Offered knowledge of Lehudib's Crystal Spear by Vehumet.
 25702 | Lair:4   | Offered knowledge of Glaciate by Vehumet.
 25702 | Lair:4   | Offered knowledge of Tornado by Vehumet.
 25705 | Lair:4   | Killed Maud
 25794 | Lair:4   | Reached skill level 10 in Fighting
 26670 | Lair:6   | Found a staircase to the Swamp.
 26756 | Lair:6   | Found a staircase to the Slime Pits.
 26761 | Lair:6   | Found a viscous altar of Jiyva.
 27207 | Swamp:1  | Entered Level 1 of the Swamp
 27763 | Swamp:1  | Found a blossoming altar of Fedhas.
 28610 | Swamp:2  | Reached XP level 17. HP: 121/128 MP: 34/34
 28673 | Swamp:2  | Learned a level 9 spell: Tornado
 29103 | Swamp:3  | Reached skill level 14 in Air Magic
 29649 | Swamp:4  | Entered Level 4 of the Swamp
 30285 | Swamp:4  | Reached skill level 15 in Air Magic
 30530 | Swamp:4  | Noticed Nikola
 30540 | Swamp:4  | Killed Nikola
 30542 | Swamp:4  | Noticed the 27-headed Lernaean hydra
 30551 | Swamp:4  | Killed the 27-headed Lernaean hydra
 30557 | Swamp:4  | Reached skill level 16 in Air Magic
 31261 | Swamp:4  | Got a decaying rune of Zot
 31436 | Lair:7   | Reached XP level 18. HP: 127/134 MP: 28/35
 31709 | Lair:7   | Reached skill level 17 in Air Magic
 32293 | Lair:8   | Entered Level 8 of the Lair of Beasts
 33146 | Lair:8   | Reached skill level 18 in Air Magic
 33358 | Lair:8   | Found a runed door.
 34400 | Lair:8   | Gained mutation: You have a pair of small antennae on your head. [potion of beneficial mutation]
 34550 | Slime:1  | Entered Level 1 of the Pits of Slime
 34640 | Slime:1  | Gained mutation: Armour fits poorly on your strangely shaped body. [a shining eye]
 34763 | Slime:1  | Gained mutation: You expend magic power (3 MP) to strengthen your wands. [a shining eye]
 35177 | Slime:2  | Noticed Dissolution
 35208 | Slime:2  | Gained mutation: Scrolls take you a little longer to read. [a shining eye]
 35549 | Slime:1  | Reached skill level 19 in Air Magic
 35834 | Slime:3  | Reached XP level 19. HP: 99/140 MP: 37/37
 36502 | Slime:5  | Paralysed by a great orb of eyes for 5 turns
 36508 | Slime:5  | Slain by an azure jelly

Vault maps used:
D:1:      onia_arrival_pentagram, serial_forest, infiniplex_forest_lined_3,
          infiniplex_forest_fountain, infiniplex_forest_clump_small,
          infiniplex_forest_zigzag_2, infiniplex_forest_diagonal,
          infiniplex_forest_clump_double, infiniplex_forest_lined_4_way,
          kennysheep_decorative_pillar
D:2:      first_bread, evilmike_ruin_ashenzari
D:3:      lemuel_round_altar
D:4:      lemuel_crystal_altar, minmay_temple_entry_crystal_x
D:5:      lemuel_crystal_altar, minitemple, gup_sewer_entry_bubbles,
          minmay_misc_feat_five
D:6:      bloody_trog
D:7:      minmay_misc_feat_pillars, uniq_duvessa
D:8:      uniq_psyche, uniq_erolcha
D:9:      old_standard_altar, due_lair_maze_entry_diamond, orc_0_dummy,
          serial_shops, nicolae_shop_window_shopping
Temple:   circular_temple_12
Lair:1:   grunt_forest_small_clearing_treed, grunt_megastairs_4
Lair:2:   serial_bayou_ford_a
Lair:3:   nicolae_spider_entry_orb_guardian, minivault_29
Lair:4:   grunt_megastairs_3, lemuel_fruit_fields, uniq_maud
Lair:5:   minmay_lair_oklob_chamber
Lair:6:   swamp_mist_pool, slime_altar_1
Lair:8:   wormcave, hangedman_lair_tendril_chambers, st_stairs_12
Swamp:1:  basic_altar
Swamp:2:  hangedman_swamp_ruin_wall
Swamp:3:  evilmike_swamp_ruin_rubble_2
Swamp:4:  swamp_old_school, swamp_pool2, hangedman_swamp_cone,
          infiniplex_staircase_pool_2, uniq_nikola
Spider:1: nicolae_spider_mines_1
Spider:4: spider_rune_water, nicolae_spider_nook, uniq_roxanne
Slime:2:  uniq_dissolution
Slime:3:  nicolae_slime_round_cave
Orc:3:    portal_ice_cave_entry_imps, nicolae_orc_pool_cavern,
          trog_butcher_becter, uniq_rupert
Orc:4:    pubby_orc_utopia
Sewer:    sewer_fruit_machine
IceCv:    ice_cave_caverns_02

Action                   |  1- 3 |  4- 6 |  7- 9 | 10-12 | 13-15 | 16-18 | 19-21 || total
-------------------------+-------+-------+-------+-------+-------+-------+-------++-------
Melee: Unarmed           |    11 |       |       |       |       |       |       ||    11
       Dagger            |    71 |    73 |   101 |    78 |       |       |       ||   323
       Trident           |       |       |       |    26 |   101 |   286 |       ||   413
       Morningstar       |       |       |       |     6 |       |       |       ||     6
       Staff             |       |       |       |       |       |    23 |       ||    23
 Cast: Shock             |    44 |   129 |   221 |   565 |   432 |   212 |     2 ||  1605
       Static Discharge  |       |     8 |    39 |   117 |   170 |   185 |     7 ||   526
       Repel Missiles    |       |     1 |     1 |       |     1 |       |       ||     3
       Freeze            |       |       |    18 |       |       |     4 |       ||    22
       Lightning Bolt    |       |       |       |    35 |    24 |    75 |    15 ||   149
       Iskenderun's Batt |       |       |       |    24 |    20 |     1 |       ||    45
       Conjure Ball Ligh |       |       |       |       |    94 |   230 |    10 ||   334
       Regeneration      |       |       |       |       |    14 |    84 |     3 ||   101
       Animate Dead      |       |       |       |       |       |     1 |       ||     1
       Summon Butterflie |       |       |       |       |       |     5 |       ||     5
       Tornado           |       |       |       |       |       |     1 |       ||     1
Evoke: Wand              |       |     2 |     3 |    12 |     5 |     4 |       ||    26
       Box of beasts     |       |       |       |     5 |     4 |     2 |       ||    11
  Use: Scroll            |     2 |     2 |     7 |     7 |    18 |    20 |       ||    56
       Potion            |     2 |     1 |       |     3 |    15 |    12 |       ||    33
 Stab: Sleeping          |     2 |     1 |       |       |       |       |       ||     3
       Paralysed         |       |       |       |     2 |       |       |       ||     2
  Eat: Chunk             |     3 |     5 |    21 |    39 |    23 |    99 |       ||   190
       Beef jerky        |       |     1 |     1 |       |     3 |     5 |       ||    10
       Meat ration       |       |     1 |       |       |       |     2 |       ||     3
       Royal jelly       |       |       |       |       |     1 |     1 |       ||     2
       Pizza             |       |       |       |       |     2 |     1 |       ||     3
       Bread ration      |       |       |       |       |     5 |     1 |       ||     6
       Fruit             |       |       |       |       |    11 |     4 |       ||    15
